 Dungeon Crawl Stone Soup version 0.29-a0-819-g94b489e0ae (webtiles) character file.

Game seed: 18344273280454067304

28 Querens the Covered (level 3, -3/33 HPs)
             Began as a Meteoran Fighter on July 6, 2022.
             Killed by divine providence
             ... invoked by an orc priest
              (9 damage)
             ... on level 2 of the Dungeon.
             The game lasted 00:02:17 (649 turns).

Querens the Covered (Meteoran Fighter)               Turns: 649, Time: 00:02:18

Health: -3/33      AC:  8    Str: 19    XL:     3   Next: 50%
Magic:  0/4        EV:  9    Int: 10    God:
Gold:   74         SH:  5    Dex: 13    Spells: 2/2 levels left

rFire   . . .      SeeInvis .   a - +0 war axe
rCold   . . .      Faith    .   c - +0 buckler
rNeg    . . .      Spirit   +   b - +0 scale mail
rPois   .          Reflect  .   (no helmet)
rElec   .          Harm     .   (no cloak)
rCorr   .          Rampage  .   g - +0 pair of gloves
Will    .....                   (no boots)
Stlth   ..........              h - amulet of guardian spirit
HPRegen 0.11/turn               (no ring)
MPRegen 0.09/turn               (no ring)

@: glowing
A: sense surroundings 1, otherworldly, glowing, explore regen
a: no special abilities


You were on level 2 of the Dungeon.
You visited 1 branch of the dungeon, and saw 2 of its levels.

You collected 74 gold pieces.

Inventory:

Hand Weapons
 a - a +0 war axe (weapon)
Armour
 b - a +0 scale mail (worn)
 c - a +0 buckler (worn)
 g - a +0 pair of gloves (worn)
Jewellery
 h - an amulet of guardian spirit (around neck)
Potions
 d - a potion of might
 e - 2 potions of haste {unknown}
 f - a potion of heal wounds {unknown}
 i - a potion of attraction {unknown}


   Skills:
 + Level 3.6 Fighting
 + Level 3.0 Axes
 + Level 4.0 Armour
 + Level 4.0 Shields


You had 2 spell levels left.
You didn't know any spells.
Your spell library contained the following spells:

 Spells                   Type           Power      Damage    Failure   Level
 Sting                    Tmut/Pois      0%         1d3       82%         1
 Poisonous Vapours        Pois/Air       0%         N/A       91%         2
 Olgreb's Toxic Radiance  Pois           0%         N/A       100%        4


Dungeon Overview and Level Annotations

Branches:
Dungeon (2/15) Zot: 532

Altars:


Innate Abilities, Weirdness & Mutations

You passively map a small area around you.
You are easily found by Zot.
You glow in the dark.
You regain HP and MP as you explore.


Message History

The orc is heavily wounded.
The orc priest looks encouraged for a moment.
You slash the orc!
You kill the orc!
You hit the orc.
You kill the orc!
Your Axes skill increases to level 3!
The orc priest hits you with a +0 trident.
Things that are here:
a +0 falchion; an orc corpse You barely miss the orc priest.
The orc priest hits you but does no damage.
The orc priest barely misses you.
You hit the orc priest.
The orc priest is moderately wounded.
The orc priest calls down the wrath of Beogh upon you.
Pain shoots through your body!
You hit the orc priest.
The orc priest is severely wounded.
You block the orc priest's attack. The orc priest barely misses you.
You hit the orc priest but do no damage.
The orc priest is severely wounded.
The orc priest closely misses you.
You hit the orc priest.
The orc priest is almost dead.
The orc priest hits you with a +0 trident.
You completely miss the orc priest.
The orc priest is almost dead.
The orc priest calls down the wrath of Beogh upon you.
Beogh smites you!
* * * LOW HITPOINT WARNING * * *
The orc priest casts a cantrip, but nothing happens.
You barely miss the orc priest.
The orc priest is almost dead.
You block the orc priest's attack.
You hit the orc priest but do no damage.
The orc priest is almost dead.
The orc priest calls down the wrath of Beogh upon you.
Beogh smites you!
You die...

....##.#########.#
, ..# ....##.#
#.#######.#
###.##.#
#......##.# #
#....#
######.##.### #
###### #......# #
####.#.#
#########.#, *
#)........#, *
#@######### * #o#
, *#.#,* * ,..# *
,* * ### , * * * *
*


You could see an orc priest.

Vanquished Creatures
  An adder (D:2)
  2 orcs (D:2)
  3 ball pythons (D:1)
  2 endoplasms (D:1)
  3 goblins
  A hobgoblin (D:1)
  2 jackals (D:1)
  A kobold (D:1)
  A frilled lizard (D:1)
  A rat (D:1)
17 creatures vanquished.

Notes
Turn   | Place    | Note
-------+----------+-------------------------------------------
     0 | D:1      | Querens the Meteoran Fighter began the quest for the Orb.
     0 | D:1      | Reached XP level 1. HP: 19/19 MP: 2/2
   208 | D:1      | Reached XP level 2. HP: 24/26 MP: 3/3
   360 | D:1      | Found a faded altar of an unknown god.
   488 | D:1      | Glimpsed the power of Zot.
   532 | D:2      | Reached XP level 3. HP: 31/31 MP: 4/4
   649 | D:2      | Killed from afar by an orc priest

Illustrated notes

Levels and vault maps discovered:
D:1:      onia_arrival_mini_spirals, layout_basic,
          dreamdust_ecumenical_altar_angels_and_demons,
          hangedman_abyss_or_decor_lesser_grid, columned_hall_lemuel
D:2:      layout_basic

Skill      XL: |  1  2  3 |
---------------+----------+-----
Armour         | 4 |  4.0
Shields        | 4 |  4.0
Axes           | 3 |  3.0
Fighting       | |  3.6

Action                   || total
-------------------------++-------
Melee: War axe           ||    44
Armor: Scale mail        ||    23
Dodge: Dodged            ||    24
Block: Buckler           ||    17

Table legend: (Time is in decaauts)
 A = Elapsed time spent in this place.
 B = Non-inter-level travel time spent in this place.
 C = Inter-level travel time spent in this place.
 D = Time resting spent in this place.
 E = Time spent auto-exploring this place.
 F = Levels seen in this place.
 G = Mean time per level.
                   A        B        C        D        E       F      G
               +--------+--------+--------+--------+--------+-----+--------+
         Total |    666 |    615 |     51 |      0 |      0 |   2 |  333.0 |
       Dungeon |    666 |    615 |     51 |      0 |      0 |   2 |  333.0 |
               +--------+--------+--------+--------+--------+-----+--------+

Top non-repeatable levels by time:
     D:1: 537 daAuts
     D:2: 128 daAuts
